 Dungeon Crawl Stone Soup version 0.28.0-53-g5a82cb258f (webtiles) character file.

Game seed: 11681605953102064993

126 DildoBatman the Conjurer (level 5, -5/27 (36) HPs)
             Began as a Formicid Conjurer on July 7, 2022.
             Slain by a gnoll
             ... wielding a +2 flail of draining
              (12 damage)
             ... on level 4 of the Dungeon.
             The game lasted 00:05:32 (2276 turns).

DildoBatman the Conjurer (Formicid Conjurer)        Turns: 2276, Time: 00:05:33

HP:   -5/27 (36)    AC:  2    Str: 11    XL:     5   Next: 32%
MP:   7/8           EV: 12    Int: 18    God:
Gold: 136           SH:  0    Dex: 11    Spells: 5/8 levels left

rFire   . . .      SeeInvis +   a - +3 short sword
rCold   . . .      Faith    .   (no shield)
rNeg    . . .      Spirit   .   f - +0 robe
rPois   .          Reflect  .   (helmet unavailable)
rElec   .          Harm     .   (no cloak)
rCorr   .          Rampage  .   (no gloves)
Will    .....                   (no boots)
Stlth   ++........              (no amulet)
HPRegen 0.09/turn               (no ring)
MPRegen 0.11/turn               (no ring)

@: very heavily drained
A: permanent stasis, dig shafts and tunnels, antennae 3, four strong arms
a: Dig, Shaft Self


You were on level 4 of the Dungeon.
You visited 1 branch of the dungeon, and saw 3 of its levels.

You collected 136 gold pieces.

Inventory:

Hand Weapons
 a - a +3 short sword (weapon)
 b - a +0 long sword
Missiles
 e - 57 stones
 q - 17 bolts
 r - 5 poisoned darts
Armour
 f - a +0 robe (worn)
Scrolls
 c - a scroll of teleportation {unknown}
 g - 2 scrolls of noise {unknown}
 h - 2 scrolls of enchant weapon {unknown}
 i - a scroll of amnesia {unknown}
 j - a scroll of acquirement {unknown}
 n - a scroll of magic mapping {unknown}
 p - a scroll of fog {unknown}
Potions
 d - a potion of ambrosia {unknown}
 l - a potion of brilliance {unknown}
 o - a potion of resistance


   Skills:
 * Level 0.8 Fighting
 * Level 0.8 Armour
 - Level 1.7 Dodging
 - Level 2.4 Stealth
 * Level 2.4 Spellcasting
 * Level 5.4 Conjurations


You had 5 spell levels left.
You knew the following spells:

 Your Spells              Type           Power      Damage    Failure   Level
a - Searing Ray           Conj           42%        2d6       2%          2
c - Magic Dart            Conj           84%        1d7       1%          1

Your spell library contained the following spells:

 Spells                   Type           Power      Damage    Failure   Level
 Dazzling Flash           Conj/Hex       22%        N/A       17%         3
 Fulminant Prism          Conj/Hex       5%         3d7       50%         4
 Iskenderun's Mystic Bla  Conj/Tloc      11%        2d4       50%         4


Dungeon Overview and Level Annotations

Branches:
Dungeon (2/15)

Altars:


Innate Abilities, Weirdness & Mutations

You cannot be hasted, slowed, berserked, paralysed or teleported.
You can dig through walls and to a lower floor.
You have a pair of large antennae on your head. (SInv)
Your four strong arms can wield two-handed weapons with a shield.


Message History

You puncture the gnoll shaman!
You kill the gnoll shaman!
You extend your mandibles.
You dig through the rock wall.
You feel drained.
You retract your mandibles.
Things that are here:
a +0 whip; a +0 robe You start to feel less resistant.
Your resistance to elements expires.
The gnoll hits you with a +2 flail of draining!
You feel drained. The gnoll closely misses you.
The gnoll hits you with a +2 flail of draining!
You feel drained.
A jackal comes into view.
The jackal barks!
A jackal comes into view.
The jackal barks!
The jackal bites you.
The jackal completely misses the bush.
The jackal bites the bush but does no damage. x2
The jackal closely misses you.
Casting: Magic Dart (safe; 1% risk of failure)
Confirm with . or Enter, or press ? or * to list all spells.
Aiming: Searing Ray (safe; 2% risk of failure)
Press: ? - help, Shift-Dir - straight line, f - gnoll
Aim: a gnoll, wielding a +2 flail of draining (81% to hit)
The searing ray hits the jackal!
You kill the jackal!
The searing ray hits the gnoll.
The gnoll is heavily wounded. (Press . to maintain the ray.)
The jackal bites the bush.
The jackal bites the bush but does no damage. x2
The jackal bites the bush but does no damage.
The jackal bites the bush.
Something bites the bush but does no damage. x2
The gnoll hits you with a +2 flail of draining!
You die...

##............###
#.♣P♣...........###
.....P...)...#....#
PP.PP....>....##..#
PP.PPP.........####
................##
PP.PPP...........#
PPhPP..........g.##
PP♣PP...........@.#
..................#
...)..............#
.....#............#
.....#............#
.....##...........#
.....##...........#
.....###.........###
.....####..........#


You could see a gnoll.

Vanquished Creatures
  A jelly (D:4)
  A gnoll shaman (D:4)
  2 gnolls (D:4)
  An adder (D:2)
  2 worms (D:2)
  2 orcs (D:4)
  2 ball pythons
  3 endoplasms (D:1)
  A giant cockroach (D:1)
  A goblin (D:2)
  4 hobgoblins
  A jackal (D:4)
  2 quokkas (D:2)
  4 bats (D:1)
  7 kobolds
34 creatures vanquished.

Notes
Turn   | Place    | Note
-------+----------+-------------------------------------------
     0 | D:1      | DildoBatman the Formicid Conjurer began the quest for the
                  | Orb.
     0 | D:1      | Reached XP level 1. HP: 13/13 MP: 3/3
   158 | D:1      | Found a faded altar of an unknown god.
   402 | D:1      | Reached skill level 4 in Conjurations
   402 | D:1      | Reached XP level 2. HP: 17/19 MP: 1/5
   405 | D:1      | Learned a level 2 spell: Searing Ray
  1138 | D:2      | Reached XP level 3. HP: 19/21 MP: 1/6
  1426 | D:2      | You fall into a shaft and drop 2 floors!
  1432 | D:4      | Reached skill level 5 in Conjurations
  1432 | D:4      | Reached XP level 4. HP: 30/30 MP: 0/7
  1755 | D:4      | Noticed a scorpion
  2143 | D:4      | Reached XP level 5. HP: 35/35 MP: 4/8
  2183 | D:4      | HP: 1/28 [gnoll shaman/+0 whip (7)]
  2276 | D:4      | Slain by a gnoll

Illustrated notes

Levels and vault maps discovered:
D:1:      saegor_arrival_fortress, layout_basic, ebering_ecumenical_altar_rust
D:2:      layout_loops_cross
D:4:      layout_cave_pods, serial_park, serial_park_paths
          [serial_park_minivault_5x5_8], serial_park_gazebo
          [serial_park_minivault_5x5_8], serial_park_avenue1,
          serial_park_square3 [serial_park_minivault_5x5_8],
          hangedman_abyss_or_decor_stabs, amcnicky_mini_rare_corridor_liquid,
          corexii_hall_statues_l

Skill      XL: |  1  2  3 |
---------------+----------+-----
Conjurations   | 4 5 |  5.4
Fighting       | |  0.8
Armour         | |  0.8
Dodging        | |  1.7
Stealth        | |  2.4
Spellcasting   | |  2.4

Action                   |  1- 3 |  4- 6 || total
-------------------------+-------+-------++-------
Melee: Unarmed           |    10 |       ||    10
       Whip              |     7 |       ||     7
       Short sword       |     7 |    15 ||    22
 Cast: Magic Dart        |    48 |    13 ||    61
       Searing Ray       |     5 |     6 ||    11
 Abil: Dig               |     2 |     4 ||     6
  Use: Potion            |       |     4 ||     4
 Stab: Sleeping          |     2 |       ||     2
Armor: Robe              |    21 |       ||    21
Dodge: Dodged            |    27 |    14 ||    41
